 Dungeon Crawl Stone Soup version 0.30.1-11-g7821555f0a (webtiles) character file.

Game seed: 13405529642807176198

842 safid the Chiller (level 8, 0/52 (61) HPs)
             Began as a Merfolk Ice Elementalist on Nov 14, 2023.
             Was an Initiate of Vehumet.
             Slain by a wight
             ... wielding a +4 falchion
              (4 damage)
             ... on level 6 of the Dungeon.
             The game lasted 00:09:52 (5467 turns).

safid the Chiller (Merfolk Ice Elementalist)        Turns: 5467, Time: 00:09:53

HP:   0/52 (61)     AC: 11    Str:  8    XL:     8   Next: 0%
MP:   9/14          EV: 14    Int: 17    God:    Vehumet [......]
Gold: 375           SH:  5    Dex: 14    Spells: 9/16 levels left

rFire   . . .        g - +3 hand axe (flame)
rCold   . . .        (no shield)
rNeg    . . .        a - +0 robe
rPois   .            f - +0 helmet
rElec   .            (no cloak)
rCorr   .            (no gloves)
SInv    .            l - +0 pair of boots
Will    +....        v - amulet of reflection
Stlth   ++           w - ring of willpower
HPRegen 0.28/turn    (no ring)
MPRegen 0.14/turn

%: reflection
@: ice-armoured, freezing walls, heavily drained
A: (nimble swimmer 2), mertail
a: Renounce Religion


You were on level 6 of the Dungeon.
You worshipped Vehumet.
Vehumet was noncommittal.
You visited 1 branch of the dungeon, and saw 6 of its levels.

You collected 375 gold pieces.

Inventory:

Hand Weapons
 g - a +3 hand axe of flaming (weapon)
Armour
 a - a +0 robe (worn)
 f - a +0 helmet (worn)
 l - a +0 pair of boots (worn)
Jewellery
 p - the ring "Puxyn" {rN+ Str+3 Int-5 Stlth+}
   (You found it on level 3 of the Dungeon)

   [ring of positive energy]

   Str:       It affects your strength (+3).
   Int:       It affects your intelligence (-5).
   rN:        It protects you from negative energy.
   Stlth:     It makes you more stealthy.
 v - an amulet of reflection (around neck)
 w - a ring of willpower (left hand)
Wands
 q - a wand of flame (18)
Scrolls
 c - a scroll of blinking
 h - a scroll of amnesia {unknown}
 i - a scroll of enchant weapon
 o - a scroll of teleportation {unknown}
 t - a scroll of brand weapon {unknown}
 u - a scroll of acquirement {unknown}
Potions
 b - a potion of magic
 d - a potion of flight
 k - 2 potions of curing
 n - a potion of heal wounds {unknown}
 r - a potion of ambrosia {unknown}
 s - 2 potions of haste {unknown}


   Skills:
 + Level 4.6 Fighting
 + Level 5.7 Dodging
 - Level 2.1 Stealth
 + Level 4.5 Spellcasting
 + Level 6.6 Ice Magic


You had 9 spell levels left.
You knew the following spells:

 Your Spells              Type           Power      Damage    Failure   Level
a - Freeze                Ice            100%       1d10      1%          1
b - Frozen Ramparts       Ice            52%        1d8       3%          3
c - Ozocubu's Armour      Ice            26%        N/A       3%          3

Your spell library contained the following spells:

 Spells                   Type           Power      Damage    Failure   Level
 Apportation              Tloc           6%         N/A       16%         1
 Magic Dart               Conj           12%        1d3       16%         1
 Call Imp                 Summ           6%         N/A       22%         2
 Summon Ice Beast         Ice/Summ       15%        N/A       36%         4
 Mephitic Cloud           Conj/Pois/Air  3%         N/A       41%         3
 Leda's Liquefaction      Hex/Erth       1%         N/A       83%         4
 Alistair's Intoxication  Tmut/Pois      2%         N/A       99%         5
 Lee's Rapid Deconstruct  Erth           1%         3d4*      99%         5
 Statue Form              Tmut/Erth      2%         N/A       100%        6


Dungeon Overview and Level Annotations

Branches:
Dungeon (6/15)             Temple (0/1) D:5

Altars:
Kikubaaqudgha
Nemelex Xobeh
Ru
Sif Muna
Vehumet

Annotations:
D:5 3 runed translucent doors, foxicus's ghost, novice HOFi


Innate Abilities, Weirdness & Mutations

((You are very nimble when in or above water. (Stealth+, EV+, Speed+++)))
Your lower body shifts to a powerful aquatic tail in water.


Message History

You block the wight's attack.
Unknown command.
You feel better. The wight hits you with a +4 falchion.
Unknown command.
Casting: Ozocubu's Armour (dangerous; 3% risk of failure)
Confirm with . or Enter, or press ? or * to list all spells.
Casting: Frozen Ramparts (dangerous; 3% risk of failure)
Press: ? - help, Dir - look around, f - activate The walls around you are covered in ice.
The wight completely resists.
The wall freezes the wight but does no damage.
The wight hits you with a +4 falchion!
* * * LOW HITPOINT WARNING * * *
The wall freezes the wight but does no damage. x2
The wall freezes the iguana.
The iguana seems to slow down.
Unknown command.
Unknown command.
You hit the wight. You burn the wight.
The wight is lightly damaged.
The wall freezes the wight but does no damage.
The wight hits you with a +4 falchion.
* * * LOW HITPOINT WARNING * * *
The wight completely resists.
The wall freezes the wight but does no damage.
The wight resists.
The wall freezes the wight.
You closely miss the wight.
The wight is lightly damaged.
The wight completely resists.
The wall freezes the wight but does no damage.
The wight hits you with a +4 falchion.
* * * LOW HITPOINT WARNING * * *
You feel drained.
The wall freezes the wight but does no damage.
The wight completely resists.
The wall freezes the wight but does no damage.
You hit the wight. You burn the wight.
The wight is moderately damaged.
The iguana is no longer moving slowly.
The wight resists.
The wall freezes the wight.
The wight hits you with a +4 falchion.
You die...

.....................#.
....#...#..#...........
#.............#..#...#..##.#
#.#...........#......#..##.#
....)............#...#..##.#
...####..>.....lz#......#..#
... ##....##..#z#...##.#..#
.. #<........#z#.........# ..
#.....#...#@#.........### .
#.....#...#.#...........####
#
#................#..........
#.....#...###.##.#..........
#.....#..........#....#.#.#.
...............#..#.##.#.#.#.
............##.#.........#.#.
..#...###..##.#.........#.#.
...... ...................#.


You could see an iguana and 3 wights.

Vanquished Creatures
  A black bear (D:5)
  A scorpion (D:5)
  3 killer bees (D:4)
  A jelly (D:3)
  An orc priest (D:3)
  5 hounds
  A sleepcap (D:4)
  An iguana (D:5)
  Natasha (thrice) (D:3)
  An orc wizard (D:5)
  3 gnolls (D:3)
  7 adders
  A shadow imp (D:5)
  An ufetubus (D:4)
  A worm (D:3)
  3 dart slugs
  7 orcs
  6 endoplasms
  8 giant cockroaches
  10 goblins
  4 hobgoblins
  6 jackals
  10 kobolds
  4 quokkas
  11 ball pythons
  3 bats
  A frilled lizard (D:1)
  8 rats
112 creatures vanquished.

Notes
Turn   | Place    | Note
-------+----------+-------------------------------------------
     0 | D:1      | safid the Merfolk Ice Elementalist began the quest for the
                  | Orb.
     0 | D:1      | Reached XP level 1. HP: 13/13 MP: 3/3
   153 | D:1      | Reached XP level 2. HP: 17/20 MP: 0/5
   271 | D:1      | Reached skill level 1 in Fighting
   828 | D:1      | Reached XP level 3. HP: 26/26 MP: 6/6
   832 | D:1      | Learned a level 3 spell: Frozen Ramparts
  1607 | D:2      | Found a sparkling altar of Nemelex Xobeh.
  1976 | D:3      | Reached skill level 5 in Ice Magic
  1980 | D:3      | Learned a level 3 spell: Ozocubu's Armour
  2026 | D:3      | Identified the ring "Puxyn" {rN+ Str+3 Int-5 Stlth+}
  2195 | D:3      | Noticed Natasha
  2197 | D:3      | Found a sparkling altar of Nemelex Xobeh.
  2202 | D:3      | Killed Natasha
  2203 | D:3      | Reached XP level 4. HP: 22/33 MP: 4/8
  2300 | D:3      | Noticed Natasha
  2306 | D:3      | Killed Natasha
  2430 | D:3      | Reached XP level 5. HP: 17/39 MP: 5/9
  2626 | D:3      | Noticed Natasha
  2708 | D:3      | Killed Natasha
  2882 | D:3      | Identified the +2 robe of the Wary Realms {Str+3 Int+2
                  | SInv}
  2918 | D:3      | Found a shimmering blue altar of Sif Muna.
  2941 | D:3      | Reached XP level 6. HP: 47/47 MP: 4/11
  3179 | D:3      | Identified the +5 cloak of the Fortifying Gods {Will+}
  3489 | D:4      | Reached skill level 6 in Ice Magic
  3489 | D:4      | Reached XP level 7. HP: 16/53 MP: 6/12
  3627 | D:4      | Found a sacrificial altar of Ru.
  3627 | D:4      | Found an ancient bone altar of Kikubaaqudgha.
  4276 | D:5      | Entered Level 5 of the Dungeon
  4289 | D:5      | Reached skill level 5 in Dodging
  4674 | D:5      | Found a radiant altar of Vehumet.
  4681 | D:5      | Became a worshipper of Vehumet
  4816 | D:5      | Found a runed translucent gate.
  4816 | D:5      | Found a runed translucent gate.
  4816 | D:5      | Found a runed translucent gate.
  4820 | D:5      | Noticed foxicus's ghost (novice HOFi)
  4917 | D:5      | Found a staircase to the Ecumenical Temple.
  5361 | D:6      | Reached XP level 8. HP: 57/61 MP: 7/14
  5467 | D:6      | Slain by a wight

Illustrated notes

Levels and vault maps discovered:
D:1:      evilmike_arrival_hilbert_curve, layout_loops_ring, serial_bayou,
          serial_bayou_pond_e, serial_bayou_shore_b, serial_bayou_lagoon_a
D:2:      layout_loops_ring, basic_altar
D:3:      minmay_razor_zed, layout_basic, old_standard_altar,
          mainiacjoe_overflow_alcove_2, minmay_misc_feat_x,
          minmay_misc_feat_tiny, uniq_natasha
D:4:      layout_basic, gammafunk_temple_overflow_elements, serial_bayou_lake_a
D:5:      corexii_shack_village, layout_basic, lemuel_round_altar,
          minmay_temple_entry_glass, gammafunk_ghost_split
D:6:      layout_basic, dk_yredelemnul_ordeal, gammafunk_ghost_cemetery

Skill      XL: |  1  2  3  4  5  6  7 |
---------------+----------------------+-----
Fighting       | 1 2 3 4 |  4.6
Ice Magic      | 5 6 |  6.6
Dodging        | 3 4 5 |  5.7
Spellcasting   | 3 4 |  4.5
Stealth        | |  2.1

Action                     |  1- 3 |  4- 6 |  7- 9 || total
---------------------------+-------+-------+-------++-------
  Melee: Dagger            |    19 |       |       ||    19
         Hand axe          |    52 |    60 |    49 ||   161
         Punch             |     1 |       |       ||     1
   Cast: Freeze            |    26 |    18 |     3 ||    47
         Frozen Ramparts   |     1 |     6 |    12 ||    19
         Ozocubu's Armour  |       |     4 |     9 ||    13
    Use: Potion            |       |     2 |     1 ||     3
         Scroll            |       |       |     5 ||     5
   Stab: Sleeping          |     8 |     3 |     1 ||    12
 Armour: Robe              |    26 |    29 |    16 ||    71
  Dodge: Dodged            |    51 |    71 |    49 ||   171
  Block: Other             |       |       |    17 ||    17
